 Dungeon Crawl Stone Soup version 0.29.0-13-gc9e81de378 (webtiles) character file.

Game seed: 17067092314125483223

0 sentinel the Ducker (level 1, -10/11 HPs)
             Began as a Spriggan Abyssal Knight on Sept 8, 2022.
             Was a Believer of Lugonu.
             Killed from afar by a starcursed mass (11 damage)
             ... with an accursed screaming
             ... on level 3 of the Abyss.
             The game lasted 00:00:54 (132 turns).

sentinel the Ducker (Spriggan Abyssal Knight)        Turns: 132, Time: 00:00:54

Health: -10/11     AC:  2    Str:  9      XL:     1   Next: 0%
Magic:  3/3        EV: 17    Int: 10 (11) God:    Lugonu [**....]
Gold:   0          SH:  0    Dex: 15      Spells: 0/0 levels left

rFire   . . .      SeeInvis +   a - +1 short sword
rCold   . . .      Faith    .   (no shield)
rNeg    . . .      Spirit   .   b - +0 robe
rPois   .          Reflect  .   (helmet restricted)
rElec   .          Harm     .   (no cloak)
rCorr   .          Rampage  .   (gloves unavailable)
Will    .....                   (boots unavailable)
Stlth   +.........              (no amulet)
HPRegen 0.03/turn               (no ring)
MPRegen 0.08/turn               (no ring)

@: very quick
A: very small, no large weapons, unfitting armour, see invisible, speed 3,
(teleportitis 1), no potion heal 1, subdued magic 1
a: Renounce Religion, Depart the Abyss, Bend Space


You were on level 3 of the Abyss.
You worshipped Lugonu.
Lugonu was pleased with you.
You visited 0 branches of the dungeon, and saw 0 of its levels.
You visited the Abyss 1 time.

Inventory:

Hand Weapons
 a - a +1 short sword (weapon)
Armour
 b - a +0 robe (worn)


   Skills:
 + Level 2.4 Fighting
 + Level 2.1 Short Blades
 + Level 3.2 Dodging
 + Level 1.7 Invocations


You couldn't memorise any spells.
You didn't know any spells.
Your spell library was empty.

Dungeon Overview and Level Annotations

Branches:
Dungeon (0/15)

Altars:


Innate Abilities, Weirdness & Mutations

You are very small and have problems with some larger weapons.
You are too small for most types of armour.
You have supernaturally acute eyesight. (SInv)
You cover ground extremely quickly. (Speed+++)
((You are occasionally teleported next to monsters.))
Potions are less effective at restoring your health.
Your spells are a little easier to cast, but a little less powerful.


Message History

Welcome, sentinel the Spriggan Abyssal Knight.
Are you destined to find the incredible Orb of Zot, or to die trying?
Lugonu says: Depart the Abyss and spread corruption, my servant! (use the ability menu to exit the Abyss) Press ? for a list of commands and other information.
Found a gateway leading out of the Abyss.
Unknown command.
You enter the shallow water.
Moving in this stuff is going to be slow.
Found a gateway leading deeper into the Abyss.
There is a gateway leading deeper into the Abyss here.
You plunge deeper into the Abyss.
Found a gateway leading deeper into the Abyss.
There is a gateway leading deeper into the Abyss, spattered with blood here.
You plunge deeper into the Abyss.
The abyssal rune of Zot can be found at this depth.
A small abomination comes into view.
The abyssal matter surrounding you shimmers strangely.
You detect the abyssal rune!
A small abomination comes into view.
A spatial vortex comes into view. x2
A white imp comes into view.
A lurking horror comes into view.
A will-o-the-wisp comes into view.
The will-o-the-wisp gives a chilling moan.
Your body is wracked with pain!
The will-o-the-wisp gestures.
The will-o-the-wisp conjures some foxfire!
A foxfire comes into view.
A spatial vortex comes into view.
A red very ugly thing comes into view.
A tentacled starspawn comes into view.
The red very ugly thing gurgles horribly!
A neqoxec comes into view.
Tentacles burst from the starspawn's body! 2 starspawn tentacles come into view.
The white imp shouts!
The neqoxec gestures at you.
Strange energies course through your body.
Your connection to magic feels subdued.
A spatial vortex comes into view.
The abyss shimmers again as the detected abyssal rune vanishes from your memory and reappears.
The neqoxec gestures at you.
Strange energies course through your body.
Your system partially rejects the healing effects of potions.
A neqoxec comes into view.
The neqoxec closely misses you.
The abyss shimmers again as the detected abyssal rune vanishes from your memory.
The neqoxec gestures at you.
Strange energies course through your body.
You feel weirdly uncertain.
A thrashing horror comes into view.
The neqoxec gestures at you.
You feel dopey. Something feeds on your intellect!
A starcursed mass comes into view.
The starcursed mass shrieks in your mind.
Ouch! That really hurt!
* * * LOW HITPOINT WARNING * * *
HP warning!
HP warning!
HP warning!
HP warning!
HP warning!
HP warning!
A starcursed mass comes into view.
HP warning!
HP warning!
A starcursed mass splits.
HP warning!
You aren't carrying any potions.
You aren't carrying any scrolls.
HP warning!
Why would you want to do that?
Okay, then.
A starcursed mass splits.
A chorus of shrieks assaults your mind.
Ouch! That really hurt!
You die...

~~~####.#..#...
..~~♣≈~.###.#.#.
##~≈~~≈...##..####
#≈~~≈~..#....
#..#.~
~~~~~≈~.........
X≈
≈~~.~~#~.#.###..~~
#~~#.~≈#..#.# .≈.
..###X#X≈~~#..#..
~~
#...~~X@.##..###..
~ #.##≈#~#.# .##
### #~~≈#.###
♣~~~~### .≈~~#..
~~.~≈~# #~~~~~~
.♣~~~#. ≈##..


You could see 3 starcursed masses.

Vanquished Creatures (others)
  2 foxfires (Abyss:3)
  A lurking horror (Abyss:3)
  2 starspawn tentacles (Abyss:3)
5 creatures vanquished.

Notes
Turn   | Place    | Note
-------+----------+-------------------------------------------
     0 | Abyss:1  | sentinel the Spriggan Abyssal Knight began the quest for
                  | the Orb.
     0 | Abyss:1  | Reached XP level 1. HP: 11/11 MP: 3/3
    53 | Abyss:3  | Noticed a small abomination
    54 | Abyss:3  | Noticed a small abomination
    59 | Abyss:3  | Noticed a spatial vortex
    59 | Abyss:3  | Noticed a spatial vortex
    66 | Abyss:3  | Noticed a will-o-the-wisp
    70 | Abyss:3  | Noticed a spatial vortex
    81 | Abyss:3  | Noticed a red very ugly thing
    82 | Abyss:3  | Noticed a tentacled starspawn
    84 | Abyss:3  | Noticed a neqoxec
    85 | Abyss:3  | Gained mutation: Your spells are a little easier to cast,
                  | but a little less powerful. [a neqoxec]
    85 | Abyss:3  | Noticed a spatial vortex
    97 | Abyss:3  | Gained mutation: Potions are less effective at restoring
                  | your health. [a neqoxec]
   108 | Abyss:3  | Noticed a neqoxec
   113 | Abyss:3  | Gained mutation: You are occasionally teleported next to
                  | monsters. [a neqoxec]
   114 | Abyss:3  | Noticed a thrashing horror
   121 | Abyss:3  | Noticed a starcursed mass
   128 | Abyss:3  | Noticed a starcursed mass
   132 | Abyss:3  | Killed from afar by a starcursed mass

Illustrated notes

Levels and vault maps discovered:
Abyss:3:  base: Temple, spicy_pingpong_abyss_rune,
          spicy_abyss_unhelpful_harpoons, nicolae_abyss_rune_left_handed,
          spicy_abyss_unhelpful_harpoons

Action                   || total
-------------------------++-------
Dodge: Dodged            ||     1
